 Dungeon Crawl Stone Soup version 0.28-a0-604-g249bb1af34 (webtiles) character file.

Game seed: 290111642227198579

304647 MirrMurr the Imperceptible (level 20, -1/98 (123) HPs)
             Began as a Spriggan Enchanter on Sept 28, 2021.
             Was a High Priest of Ashenzari.
             Slain by a vault warden (7 damage)
             ... on level 2 of the Vaults on Oct 5, 2021.
             The game lasted 04:16:51 (71314 turns).

MirrMurr the Imperceptible (Spriggan Enchanter)    Turns: 71314, Time: 04:16:52

HP:   -1/98 (123)   AC: 15    Str:  9    XL:     20   Next: 26%
MP:   34/41         EV: 38    Int: 21    God:    Ashenzari [*****.]
Gold: 708           SH: 15    Dex: 21    Spells: 9/51 levels left

rFire   + + .      SeeInvis +   a - +3 dagger "Per Aspera Ad Scientiam" {Alch, Self} (curse)
rCold   + . .      Faith    .   o - +0 buckler "Wytwuw Yjul" {+Inv rC+}
rNeg    . . .      Spirit   .   d - +3 acid dragon scales of the Cosmic Servitude {rCorr, Melee, Fort} (curse)
rPois   +          Reflect  +   H - +2 hat of the Ether {Cun, Comp} (curse)
rElec   +          Harm     .   N - +2 cloak of Ashenzari's Gloom {Self, Melee} (curse)
rCorr   +          Rampage  .   (gloves unavailable)
Will    ++++.      Clarity  +   (boots unavailable)
Stlth   ++++++++++              q - amulet of the Prescient Planets {Reflect rElec SH+5, Cun, Comp} (curse)
HPRegen 0.26/turn               M - ring of the Unveiling Planets {rPois, Comp, Cun} (curse)
MPRegen 0.27/turn               Z - ring "Restrained Together" {rF++ Dex+6, Fort, Self} (curse)

@: studying Ice Magic, heavily drained, very quick
A: very small, no large weapons, unfitting armour, see invisible, speed 3,
talons 1, strong-willed 1
}: 2/15 runes: serpentine, barnacled
a: Renounce Religion, Evoke Invisibility, Shatter the Chains


You were on level 2 of the Vaults.
You worshipped Ashenzari.
Ashenzari was extremely pleased with you.
You visited 7 branches of the dungeon, and saw 34 of its levels.
You visited 2 bazaars.
You also visited: Gauntlet and Ice Cave.

You collected 5391 gold pieces.
You spent 4683 gold pieces at shops.

Inventory:

Hand Weapons
 a - the cursed +3 dagger "Per Aspera Ad Scientiam" (weapon) {Alch, Self}

   It has a curse which improves the following skills: Alchemy: Poison Magic and
   Transmutations.
   Introspection: Fighting and Spellcasting.
 W - a +4 vorpal dagger
 X - a +4 rapier of venom
Missiles
 f - 139 poisoned darts
 i - 29 boomerangs (quivered)
 w - 9 throwing nets
 I - 3 curare-tipped darts
 L - 12 silver boomerangs
Armour
 d - the cursed +3 acid dragon scales of the Cosmic Servitude (worn) {rCorr, Melee, Fort}
   (You took it off Maggie on level 6 of the Dungeon)

   rCorr:     It protects you from acid and corrosion.
   It has a curse which improves the following skills: Melee Combat: Short
   Blades, Long Blades, Axes, Maces & Flails, Polearms, Staves and Unarmed
   Combat.
   Fortitude: Armour and Shields.
 o - the +0 buckler "Wytwuw Yjul" (worn) {+Inv rC+}
   (You found it on level 3 of the Shoals)

   rC:        It protects you from cold.
   +Inv:      It lets you turn invisible.
 H - the cursed +2 hat of the Ether (worn) {Cun, Comp}
   (You bought it in a shop on level 3 of the Dungeon)

   It has a curse which improves the following skills: Cunning: Dodging and
   Stealth.
   Companions: Summonings and Necromancy.
 N - the cursed +2 cloak of Ashenzari's Gloom (worn) {Self, Melee}
   (You found it on level 12 of the Dungeon)

   It has a curse which improves the following skills: Introspection: Fighting
   and Spellcasting.
   Melee Combat: Short Blades, Long Blades, Axes, Maces & Flails, Polearms,
   Staves and Unarmed Combat.
Jewellery
 h - the ring "Ruutsuf" {Str+7 Int+6 Slay+4 SInv Stlth-}
   (You acquired it on level 3 of the Shoals)

   [ring of intelligence]

   Str:       It affects your strength (+7).
   Int:       It affects your intelligence (+6).
   Slay:      It affects your accuracy & damage with ranged weapons and melee
   (+4).
   SInv:      It lets you see invisible.
   Stlth:     It makes you less stealthy.
 p - a ring of protection from cold
 q - the cursed amulet of the Prescient Planets (around neck) {Reflect rElec SH+5, Cun, Comp}
   (You took it off a deep elf pyromancer on level 15 of the Dungeon)

   [amulet of reflection]

   It reflects blocked missile attacks.
   rElec:     It insulates you from electricity.
   SH:        It affects your SH (+5).
   It has a curse which improves the following skills: Cunning: Dodging and
   Stealth.
   Companions: Summonings and Necromancy.
 M - the cursed ring of the Unveiling Planets (left hand) {rPois, Comp, Cun}
   (You found it on level 12 of the Dungeon)

   [ring of poison resistance]

   rPois:     It protects you from poison.
   It has a curse which improves the following skills: Companions: Summonings
   and Necromancy.
   Cunning:   Dodging and Stealth.
 Z - the cursed ring "Restrained Together" (right hand) {rF++ Dex+6, Fort, Self}
   (You bought it in a shop on level 3 of the Snake Pit)

   [ring of dexterity]

   Dex:       It affects your dexterity (+6).
   rF:        It greatly protects you from fire.
   It has a curse which improves the following skills: Fortitude: Armour and
   Shields.
   Introspection: Fighting and Spellcasting.
Wands
 t - a wand of acid (22)
 y - a wand of mindburst (14)
 A - a wand of iceblast (20)
 D - a wand of flame (70)
 V - a wand of paralysis (31)
 Y - a wand of digging (6)
Scrolls
 e - 4 scrolls of blinking
 k - 4 scrolls of vulnerability
 l - 4 scrolls of fear
 n - 5 scrolls of fog
 s - 21 scrolls of teleportation
 u - 5 scrolls of enchant armour
 v - 3 scrolls of magic mapping
 B - 6 scrolls of immolation
 J - 2 scrolls of silence
 P - 6 scrolls of enchant weapon
Potions
 b - 4 potions of resistance
 c - 3 potions of invisibility
 g - 14 potions of haste
 j - 5 potions of brilliance
 m - a potion of berserk rage
 r - 3 potions of cancellation
 x - 4 potions of mutation
 z - 7 potions of flight
 C - 5 potions of magic
 E - 13 potions of curing
 F - 4 potions of might
 O - 4 potions of heal wounds
 S - 3 potions of ambrosia
Miscellaneous
 T - a box of beasts


   Skills:
 + Level 14.3(19.8) Fighting
 - Level 10.0(14.1) Short Blades
 - Level 1.9(4.8) Armour
 + Level 20.4(25.5) Dodging
 - Level 23.3(27) Stealth
 - Level 6.7(10.8) Shields
 - Level 10.5(16.0) Spellcasting
 - Level 3.3 Conjurations
 - Level 16.0 Hexes
 - Level 5.9(11.1) Summonings
 - Level 3.6(8.2) Necromancy
 - Level 6.0 Translocations
 - Level 2.1(4.1) Transmutations
 - Level 6.0 Earth Magic
 - Level 10.0 Evocations


You had 9 spell levels left.
You knew the following spells:

 Your Spells              Type           Power      Damage    Failure   Level
a - Ensorcelled Hibernat  Hex/Ice        100%       N/A       1%          2
b - Confusing Touch       Hex            71%        N/A       1%          3
c - Tukima's Dance        Hex            71%        N/A       1%          3
d - Dazzling Flash        Conj/Hex       100%       N/A       1%          3
e - Portal Projectile     Hex/Tloc       100%       N/A       1%          3
f - Borgnjor's Vile Clut  Necr/Erth      23%        N/A       9%          5
g - Dispel Undead         Necr           51%        3d19      1%          4
i - Invisibility          Hex            35%        N/A       1%          6
v - Summon Mana Viper     Hex/Summ       65%        N/A       1%          5
B - Blink                 Tloc           N/A        N/A       1%          2
G - Passage of Golubria   Tloc           N/A        N/A       4%          4
P - Passwall              Tmut/Erth      31%        N/A       1%          2

Your spell library contained the following spells:

 Spells                   Type           Power      Damage    Failure   Level
 Slow                     Hex            71%        N/A       0%          2
 Beastly Appendage        Tmut           68%        N/A       1%          1
 Magic Dart               Conj           100%       1d8       1%          1
 Pain                     Necr           100%       1d9       1%          1
 Sandblast                Erth           84%        2d18      1%          1
 Summon Small Mammal      Summ           100%       N/A       1%          1
 Corpse Rot               Necr/Air       N/A        N/A       1%          2
 Call Canine Familiar     Summ           59%        N/A       1%          3
 Lesser Beckoning         Tloc           42%        N/A       1%          3
 Summon Guardian Golem    Hex/Summ       65%        N/A       1%          3
 Vampiric Draining        Necr           25%        2d9       1%          3
 Fulminant Prism          Conj/Hex       27%        3d14      1%          4
 Leda's Liquefaction      Hex/Erth       29%        N/A       1%          4
 Searing Ray              Conj           60%        2d6       2%          2
 Stone Arrow              Conj/Erth      72%        3d11      2%          3
 Shock                    Conj/Air       92%        1d8       3%          1
 Agony                    Necr           51%        N/A       5%          5
 Excruciating Wounds      Necr           25%        N/A       5%          5
 Silence                  Hex/Air        25%        N/A       6%          5
 Iskenderun's Mystic Bla  Conj/Tloc      36%        2d9       9%          4
 Manifold Assault         Tloc           42%        N/A       13%         5
 Swiftness                Air            16%        N/A       17%         3
 Blade Hands              Tmut           17%        N/A       28%         5
 Death Channel            Necr           25%        N/A       28%         6
 Airstrike                Air            8%         N/A       50%         4
 Alistair's Intoxication  Tmut/Pois      17%        N/A       52%         5
 Statue Form              Tmut/Erth      25%        N/A       71%         6
 Malign Gateway           Summ/Tloc      26%        N/A       80%         7
 Eringya's Noxious Bog    Tmut/Pois      13%        N/A       98%         6
 Starburst                Conj/Fire      11%        6d5       99%         6
 Lehudib's Crystal Spear  Conj/Erth      18%        10d5      100%        8
 Shatter                  Erth           21%        3d19*     100%        9


Dungeon Overview and Level Annotations

Branches:
Dungeon (15/15)            Temple (1/1) D:4            Lair (6/6) D:8
 Shoals (4/4) Lair:3        Snake (4/4) Lair:4        Slime (0/5) Lair:6
    Orc (2/2) D:12            Elf (0/3) Orc:2        Vaults (2/5) D:14
 Depths (0/4) D:15          IceCv (visited)         Gauntlet (visited)
  Crypt: Vaults:2-3

Altars:
Ashenzari
Cheibriados
Dithmenos
Elyvilon
Fedhas
Gozag
Hepliaklqana
Kikubaaqudgha
Makhleb
Nemelex Xobeh
Okawaru
Qazlal
Ru
Sif Muna
Trog
Uskayaw
Vehumet
Wu Jian
Xom
Yredelemnul
Zin
The Shining One
Jiyva

Shops:
D:3 [   D:5 (   D:11 !!!*   Orc:2 (*??   Shoals:2 (   Snake:1 [   Snake:2 *(
Snake:3 ::=   Vaults:2 *

Annotations:
D:12 2 transporters, Heedrag's ghost, journeyman DsCj
Lair:1 dig
Shoals:1 1 runed translucent door, Ismar's ghost, adept TeWz
Shoals:2 exclusions: manticore, sensed monster (detected) and 2 water elementals
Snake:3 exclusion: 2 doors
Vaults:1 ma sh*t here on bazaar


Innate Abilities, Weirdness & Mutations

You are very small and have problems with some larger weapons.
You are too small for most types of armour.
You have supernaturally acute eyesight. (SInv)
You cover ground extremely quickly. (Speed+++)
You have sharp toenails.
You are strong-willed. (Will+)


Message History

You feel drained.
Casting: Ensorcelled Hibernation (safe; 1% risk of failure)
Confirm with . or Enter, or press ? or * to list all spells.
Aiming: Ensorcelled Hibernation (safe; 1% risk of failure)
Press: ? - help, Shift-Dir - straight line, f/p - vault warden
Aim: a vault warden, wielding a +4 long sword of draining and wearing a +0 plate armour (chance to affect: 37%)
The vault warden easily resists.
The vault warden completely misses you.
You hit the vault warden but do no damage.
The vault warden hits you with a +4 long sword of draining!!
You feel drained.
Casting: Ensorcelled Hibernation (safe; 1% risk of failure)
Confirm with . or Enter, or press ? or * to list all spells.
Your hands begin to glow red.
The vault warden hits you with a +4 long sword of draining!
* * * LOW HITPOINT WARNING * * *
You feel drained.
* * * LOW HITPOINT WARNING * * *
You feel much better.
The vault warden hits you with a +4 long sword of draining!
* * * LOW HITPOINT WARNING * * *
You feel drained.
* * * LOW HITPOINT WARNING * * *
Unknown command.
You hit the vault warden but do no damage.
You claw the vault warden, but do no damage.
You hit the vault warden but do no damage.
The vault warden appears confused.
Your kick misses the vault warden.
You hit the vault warden but do no damage.
You claw the vault warden, but do no damage.
You barely miss the vault warden.
You claw the vault warden, but do no damage.
You strike the helpless vault warden from behind!
You skewer the vault warden like a kebab!!!
You claw the vault warden, but do no damage.
The vault warden is severely wounded.
The vault warden chortles and stares into space.
The vault warden hits you with a +4 long sword of draining!!
* * * LOW HITPOINT WARNING * * *
You feel drained.
You die...

, ..........#####+########,
, , ................∩.......
,,, ,,
........................ , ,
,
............[...........,,,
,,, ........................
,,
........................,,,,
############+#########.. ,,
##..####..### ,.,,,,* *{
##....p@##.{* , * *
##....##.. * * ,, * *,
##++##... , , + *,**,
#..#...#*,* ,,,,,,+ *,,* , ,
, * , , ,,* ** , *, * , ,, *
, ,,, {,+ ∆* , , *
*,,+,{,**,, ,, , ** **+*,
+**,, ,


You could see a vault warden (confused).

Vanquished Creatures
  Vashnia (Snake:3)
  Saint Roka (Snake:3)
  Jorgrun (D:15)
  Rupert (D:15)
  Mlioglotl (Snake:3)
  2 sphinxes
  Gastronok (Lair:3)
  Kirke (Lair:4)
  Donald (Vaults:1)
  Roxanne (Snake:3)
  2 nagarajas (Snake:4)
  Ilsuiw (Shoals:2)
  A frost giant (Vaults:1)
  A vault warden (Vaults:1)
  2 orc warlords (Vaults:1)
  Aizul (Shoals:1)
  7 ironbound preservers (Vaults:1)
  3 very ugly things (Vaults:1)
  The ghost of Liado the Thaumaturge, a journeyman DsIE of Vehumet (Shoals:3)
  Nessos (Lair:4)
  Azrael (D:15)
  3 dire elephants
  2 minotaurs
  A merfolk javelineer (Shoals:2)
  A fire dragon (Lair:6)
  An ettin (Vaults:1)
  Josephine (D:10)
  A great orb of eyes (D:15)
  A yaktaur captain (Vaults:1)
  10 hydras
  7 boulder beetles
  20 naga warriors
  2 ironbound thunderhulks (Vaults:1)
  A catoblepas (Lair:5)
  2 caustic shrike simulacra (IceCv)
  3 ironbound frosthearts
  4 salamander tyrants
  3 merfolk avatars
  4 vault guards (D:14)
  7 centaur warriors
  3 two-headed ogres
  2 alligator snapping turtles
  A merfolk aquamancer (Shoals:4)
  2 anacondas
  4 orc high priests (Orc:2)
  3 death yaks (Lair:6)
  9 satyrs (Shoals:4)
  7 shock serpents
  10 naga sharpshooters
  A deep elf knight (Snake:2)
  Sonja (D:13)
  A skeletal warrior (D:8)
  6 salamander mystics
  9 sea snakes
  18 deep trolls (Vaults:1)
  2 ironbound convokers (Vaults:1)
  5 naga ritualists
  5 deep elf pyromancers
  5 wizards
  2 deep elf archers
  11 harpies
  A bog body (IceCv)
  A lindwurm (Lair:6)
  2 wolf spiders
  14 mana vipers
  4 orc sorcerers
  13 ugly things
  15 salamanders
  Pikel (D:7)
  A shining eye (Snake:1)
  7 orc knights (Vaults:1)
  21 manticores
  13 fauns
  10 elephants
  8 merfolk sirens
  9 cyclopes
  5 guardian serpents
  2 ice statues (Shoals:2)
  32 black mambas
  2 water nymphs (Shoals:3)
  5 vault sentinels (Vaults:1)
  15 naga magi
  20 cane toads
  6 torpor snails (Lair:6)
  4 gargoyles
  An unseen horror (D:12)
  A storm dragon simulacrum (D:15)
  Maggie (D:6)
  An efreet (D:13)
  6 yaktaurs
  A kobold demonologist (D:10)
  8 rime drakes
  9 komodo dragons
  11 ice devils (IceCv)
  2 freezing wraiths
  6 entropy weaver simulacra (IceCv)
  7 trolls
  15 merfolk
  A queen bee (Lair:3)
  4 tyrant leeches (Lair:6)
  A golden dragon simulacrum (IceCv)
  9 blink frogs
  3 wind drakes
  11 hornets
  11 slime creatures
  11 dream sheep
  6 snapping turtles
  2 redbacks (Lair:6)
  A shadow (D:12)
  3 dire elephant simulacra (IceCv)
  8 water elementals
  7 spriggan simulacra (IceCv)
  6 wraiths
  6 hogs (Lair:4)
  A human (shapeshifter) (Gauntlet)
  58 yaks
  16 wyverns
  2 fire elementals (D:15)
  A tarantella (shapeshifter) (Gauntlet)
  3 steam dragons
  8 basilisks
  3 dancing weapons
  Menkaure (D:4)
  7 minotaur simulacra (IceCv)
  7 vampire mosquitoes
  A swamp worm (shapeshifter) (D:15)
  2 wargs
  A harpy simulacrum (IceCv)
  2 swamp worms (Gauntlet)
  An acid dragon (D:8)
  3 hydra simulacra (IceCv)
  37 nagas
  A water moccasin (shapeshifter) (Gauntlet)
  A hell hound (Snake:2)
  24 water moccasins
  30 orc warriors
  2 ice beasts (D:5)
  2 sky beasts
  2 alligator simulacra (IceCv)
  4 boggarts
  A hornet zombie (D:7)
  An ettin simulacrum (IceCv)
  8 ogres
  4 black bears
  17 centaurs
  35 wolves
  A lemure (D:7)
  4 kobold brigands
  10 bullfrogs
  3 gnoll sergeants
  4 deep troll simulacra (IceCv)
  4 scorpions
  2 water moccasin skeletons (D:5)
  28 killer bees
  3 howler monkeys
  8 wights
  2 electric eels (Lair:6)
  A bullfrog zombie (D:6)
  7 centaur zombies
  2 gnoll shamans
  4 hounds
  A centaur skeleton (D:6)
  3 jellies
  A bullfrog skeleton (D:7)
  27 orc priests
  4 iguanas
  27 orc wizards
  A scorpion zombie (D:5)
  A hound skeleton (D:2)
  3 howler monkey zombies
  17 gnolls
  6 adders
  2 river rats (Lair:2)
  3 white imps
  An ufetubus (D:6)
  A worm (D:4)
  5 dart slugs
  92 orcs
  7 bats
  8 endoplasms
  9 giant cockroaches
  6 goblins
  4 hobgoblins
  6 jackals
  5 quokkas
  3 training dummies (D:5)
  5 ball pythons
  5 frilled lizards
  24 kobolds
  6 rats
1235 creatures vanquished.

Vanquished Creatures (collateral kills)
  A sphinx (Shoals:4)
  2 nagarajas
  A dire elephant (Vaults:1)
  2 naga warriors
  A vault guard (D:14)
  2 merfolk aquamancers (Shoals:3)
  7 naga sharpshooters
  A wizard (Vaults:1)
  3 harpies (Shoals:3)
  7 salamanders (Snake:4)
  2 naga magi
  6 merfolk
  A wind drake (Shoals:1)
  2 water elementals (Shoals:3)
  11 nagas
  6 orc warriors
  3 centaurs (D:15)
  6 wights
  A centaur zombie (D:8)
  4 orc wizards
  6 gnolls
  18 orcs
  3 kobolds (D:7)
96 creatures vanquished.

Vanquished Creatures (others)
  A deep elf pyromancer (D:14)
  A fire elemental (D:15)
  52 dancing weapons
  A hell hound (D:15)
  A centaur (D:14)
  A wight (D:7)
  An orc wizard (Orc:2)
  An orc (Orc:1)
  2 bushes
  48 fungi
  211 plants
320 creatures vanquished.

Grand Total: 1651 creatures vanquished

Notes
Turn   | Place    | Note
-------+----------+-------------------------------------------
     0 | D:1      | MirrMurr the Spriggan Enchanter began the quest for the
                  | Orb.
     0 | D:1      | Reached XP level 1. HP: 9/9 MP: 5/5
   503 | D:1      | Reached XP level 2. HP: 13/13 MP: 6/6
   541 | D:1      | Learned a level 2 spell: Ensorcelled Hibernation
   550 | D:1      | Reached skill level 5 in Stealth
  1161 | D:1      | Reached XP level 3. HP: 14/16 MP: 8/8
  1165 | D:1      | Learned a level 3 spell: Confusing Touch
  2340 | D:2      | Reached skill level 6 in Stealth
  2555 | D:2      | Reached XP level 4. HP: 21/21 MP: 9/9
  2559 | D:2      | Learned a level 3 spell: Tukima's Dance
  2559 | D:2      | Upgraded the game from 0.28-a0-544-g207b005307 to
                  | 0.28-a0-561-gc72452776e
  2793 | D:2      | Found a broken altar of Ashenzari.
  2812 | D:2      | Became a worshipper of Ashenzari the Shackled
  4343 | D:3      | Found Soch's Antique Armour Shop.
  4450 | D:3      | Reached skill level 7 in Stealth
  4822 | D:3      | Reached XP level 5. HP: 24/24 MP: 10/10
  5712 | D:4      | Found a staircase to the Ecumenical Temple.
  5743 | Temple   | Entered the Ecumenical Temple
  6031 | D:4      | Noticed Menkaure
  6119 | D:3      | Reached skill level 8 in Stealth
  6373 | D:4      | Reached XP level 6. HP: 14/28 MP: 2/11
  6527 | D:4      | Killed Menkaure
  6528 | D:4      | Reached skill level 5 in Short Blades
  6532 | D:4      | Learned a level 3 spell: Dazzling Flash
  6694 | D:5      | Entered Level 5 of the Dungeon
  6694 | D:5      | Noticed a sky beast
  6731 | D:4      | Killed a sky beast
  6732 | D:4      | Reached skill level 5 in Hexes
  6889 | D:4      | Reached XP level 7. HP: 24/32 MP: 5/13
  6967 | D:5      | Noticed a yak
  6973 | D:5      | Noticed a troll
  7265 | D:4      | Killed a yak
  7672 | D:4      | Killed a troll
  7721 | D:5      | Reached skill level 1 in Fighting
  7721 | D:5      | Reached XP level 8. HP: 21/37 MP: 7/15
  7890 | D:5      | Found Lonemuch's Firing Range.
  8175 | D:5      | Reached skill level 5 in Dodging
  9470 | D:5      | Reached XP level 9. HP: 42/45 MP: 6/16
  9737 | D:6      | Learned a level 3 spell: Portal Projectile
  9740 | D:6      | Learned a level 2 spell: Passwall
 10159 | D:6      | Noticed Maggie
 10175 | D:6      | Killed Maggie
 10176 | D:6      | Reached skill level 9 in Stealth
 11087 | D:6      | Reached skill level 10 in Stealth
 12033 | D:7      | Reached skill level 10 in Dodging
 12366 | D:7      | Reached skill level 11 in Stealth
 12528 | D:7      | Reached XP level 10. HP: 49/49 MP: 17/17
 12533 | D:7      | Noticed a cyan ugly thing
 12973 | D:7      | Killed a cyan ugly thing
 13272 | D:7      | Noticed Pikel
 13280 | D:7      | Killed Pikel
 13281 | D:7      | Reached skill level 12 in Stealth
 13719 | D:8      | Noticed a centaur warrior
 13719 | D:8      | Noticed a purple ugly thing
 13719 | D:8      | Noticed a four-headed hydra
 14027 | D:8      | Noticed a boulder beetle
 14035 | D:8      | Killed a centaur warrior
 14107 | D:8      | Found a staircase to the Lair.
 14530 | D:8      | Killed a four-headed hydra
 14531 | D:8      | Reached skill level 1 in Shields
 14531 | D:8      | Reached skill level 5 in Spellcasting
 14637 | D:8      | Killed a purple ugly thing
 14655 | D:8      | Noticed a skeletal warrior
 14721 | D:8      | Killed a skeletal warrior
 14722 | D:8      | Reached XP level 11. HP: 28/54 MP: 10/20
 15589 | D:8      | Reached skill level 13 in Stealth
 16070 | D:8      | Found a hazy altar of Hepliaklqana.
 16071 | D:8      | Found a faded altar of an unknown god.
 17051 | D:9      | Reached skill level 5 in Fighting
 17567 | D:3      | Bought an embroidered hat for 203 gold pieces
 17572 | D:3      | Reached * piety under Ashenzari
 17675 | D:10     | Entered Level 10 of the Dungeon
 17677 | D:10     | Noticed Josephine
 18053 | D:10     | Noticed a two-headed ogre
 18057 | D:10     | Killed a two-headed ogre
 19010 | D:10     | Reached skill level 14 in Stealth
 19016 | D:10     | Reached skill level 10 in Hexes
 19818 | D:10     | Killed Josephine
 19819 | D:10     | Reached skill level 10 in Short Blades
 20580 | D:11     | Reached ** piety under Ashenzari
 20583 | D:11     | Found Hoeguna's Distillery.
 20591 | D:11     | Learned a level 6 spell: Invisibility
 20598 | D:11     | Found Bifush's Distillery.
 20649 | D:11     | Reached XP level 12. HP: 58/60 MP: 19/23
 20669 | D:11     | Found Zimy's Distillery.
 21191 | D:11     | Noticed a two-headed ogre
 21201 | D:11     | Killed a two-headed ogre
 21273 | D:11     | Found Ihimi's General Store.
 21692 | D:12     | Found a staircase to the Orcish Mines.
 22523 | D:12     | Noticed a two-headed ogre
 22526 | D:12     | Found a transporter.
 22526 | D:12     | Noticed Heedrag's ghost (journeyman DsCj)
 22526 | D:12     | Identified the +7 longbow of the Tomato {flame, rPois
                  | Int+3}
 22527 | D:12     | Found a transporter.
 22527 | D:12     | Noticed a two-headed ogre
 22529 | D:12     | Identified the +8 great mace of the Devouring Queen
                  | {protect, Will+ Int+4 Dex+3}
 22529 | D:12     | Noticed a two-headed ogre
 22741 | D:8      | Killed a boulder beetle
 22804 | Lair:1   | Entered Level 1 of the Lair of Beasts
 24043 | Lair:2   | Noticed an eight-headed hydra
 24050 | Lair:2   | Killed an eight-headed hydra
 24051 | Lair:2   | Reached skill level 15 in Stealth
 24149 | Lair:2   | Learned a level 2 spell: Blink
 25156 | D:11     | Bought a scroll of acquirement for 728 gold pieces
 25156 | D:11     | Acquired a +0 buckler of reflection
 25705 | Lair:2   | Reached XP level 13. HP: 64/68 MP: 11/24
 25861 | Lair:3   | Noticed Gastronok
 26091 | Lair:3   | Found a staircase to the Shoals.
 26271 | Lair:3   | Reached *** piety under Ashenzari
 26872 | Lair:3   | Killed Gastronok
 26934 | Lair:3   | Reached skill level 16 in Stealth
 27775 | Lair:3   | Reached skill level 5 in Shields
 28503 | Lair:4   | Noticed Kirke
 28749 | Lair:4   | Noticed Nessos
 28758 | Lair:4   | Found a staircase to the Snake Pit.
 28767 | Lair:4   | Killed Nessos
 30283 | Lair:4   | Killed Kirke
 30490 | Lair:4   | Acquired 796 gold pieces
 30778 | Lair:5   | Found a gate leading to a gauntlet.
 30787 | Gauntlet | Entered a Gauntlet
 30787 | Gauntlet | Found a transporter.
 30787 | Gauntlet | Found a transporter.
 30800 | Gauntlet | Found a transporter.
 30819 | Gauntlet | Found a transporter.
 30819 | Gauntlet | Found a transporter.
 30819 | Gauntlet | Found a transporter.
 30821 | Gauntlet | Found a transporter.
 30821 | Gauntlet | Found a transporter.
 30833 | Gauntlet | Identified the +1 pair of gloves of Glamorous Contentment
                  | {rElec rPois Int-2}
 30836 | Gauntlet | Found a transporter.
 30842 | Gauntlet | Noticed a blizzard demon
 30849 | Gauntlet | Found a transporter.
 30851 | Gauntlet | Identified the +2 pair of gloves of the Enchanted Forest
                  | {-Tele Harm rF+ SInv}
 30856 | Gauntlet | Found a transporter.
 30873 | Gauntlet | Found a transporter.
 30893 | Gauntlet | Found a transporter.
 30906 | Gauntlet | Found a transporter.
 30925 | Gauntlet | Upgraded the game from 0.28-a0-561-gc72452776e to
                  | 0.28-a0-563-gf77a47075d
 31020 | Gauntlet | Reached skill level 17 in Stealth
 31318 | Gauntlet | Noticed a minotaur
 31363 | Gauntlet | Killed a minotaur
 31370 | Gauntlet | Reached skill level 15 in Hexes
 31370 | Gauntlet | Reached XP level 14. HP: 50/77 MP: 22/27
 31371 | Gauntlet | Reached XP level 15. HP: 54/82 MP: 22/28
 31792 | Lair:5   | Reached skill level 18 in Stealth
 32230 | Lair:6   | Entered Level 6 of the Lair of Beasts
 32351 | Lair:6   | Reached XP level 16. HP: 79/88 MP: 20/29
 33263 | Lair:6   | Found a viscous altar of Jiyva.
 33266 | Lair:6   | Found a staircase to the Slime Pits.
 33671 | Lair:6   | Reached skill level 19 in Stealth
 35070 | Lair:6   | Identified the amulet "Jaserhes" {Faith rElec Will+}
 35161 | Lair:6   | Found a runed translucent door.
 35246 | Lair:6   | Reached skill level 20 in Stealth
 35305 | Lair:6   | Reached skill level 10 in Fighting
 35936 | Lair:6   | Reached **** piety under Ashenzari
 36359 | D:13     | Reached skill level 1 in Evocations
 36641 | D:13     | Noticed Sonja
 36648 | D:13     | Killed Sonja
 36698 | D:13     | Reached ***** piety under Ashenzari
 38680 | D:14     | Found a gate to the Vaults.
 38826 | D:15     | Entered Level 15 of the Dungeon
 38832 | D:15     | Noticed Jorgrun
 38833 | D:15     | Noticed Rupert
 39044 | D:15     | Killed Jorgrun
 39105 | D:15     | Killed Rupert
 39106 | D:15     | Reached skill level 5 in Evocations
 39199 | D:15     | Identified the amulet of Zaushr Okuo {Reflect rElec SH+5}
 39202 | D:15     | Reached skill level 21 in Stealth
 39256 | D:15     | Acquired a book of the Moon
 39258 | D:15     | Acquired 876 gold pieces
 39303 | D:15     | Reached XP level 17. HP: 100/100 MP: 36/36
 39458 | D:15     | Noticed Azrael
 39968 | D:15     | Killed Azrael
 40730 | D:15     | Reached skill level 1 in Translocations
 40730 | D:15     | Reached skill level 1 in Transmutations
 41327 | D:15     | Found a staircase to the Depths.
 41736 | Orc:1    | Entered Level 1 of the Orcish Mines
 42257 | Orc:1    | Reached skill level 15 in Dodging
 42574 | Orc:2    | Entered Level 2 of the Orcish Mines
 42601 | Orc:2    | Found a staircase to the Elven Halls.
 43817 | Orc:2    | Reached skill level 5 in Translocations
 44383 | Orc:2    | Found Migut's Assorted Antiques.
 44384 | Orc:2    | Found Far Noez's Magic Scroll Shop.
 44385 | Orc:2    | Found Osiju Fipt's Magic Scroll Shop.
 44388 | Orc:2    | Found Beetuzxu's Antique Weapon Boutique.
 44394 | Orc:2    | Bought a glowing rapier for 217 gold pieces
 44574 | Orc:2    | Learned a level 4 spell: Passage of Golubria
 44779 | Orc:2    | Upgraded the game from 0.28-a0-563-gf77a47075d to
                  | 0.28-a0-565-g7719699fd9
 45012 | Snake:1  | Entered Level 1 of the Snake Pit
 45012 | Snake:1  | Found Cacanuy's Antique Armour Shoppe.
 46427 | Snake:1  | Acquired Great Wizards, Vol. II
 46435 | Snake:1  | Learned a level 5 spell: Borgnjor's Vile Clutch
 46541 | Snake:1  | Gained mutation: You have hidden genetic defects. [a
                  | shining eye]
 46919 | Snake:1  | Reached skill level 1 in Earth Magic
 47021 | Snake:1  | Reached skill level 1 in Necromancy
 47255 | Snake:1  | Identified the +1 ring mail of the Buccaneer {Fly rN+
                  | Regen+ Int+2}
 47529 | Snake:1  | Upgraded the game from 0.28-a0-565-g7719699fd9 to
                  | 0.28-a0-578-g717728bcc0
 48971 | Snake:2  | Found Tiwanayrph's Assorted Antiques.
 49272 | Snake:2  | Gained mutation: You are clumsy. (Dex -2) [hidden defects]
 49385 | Snake:2  | Found Caler's Antique Weapon Shoppe.
 49511 | Snake:2  | Reached skill level 22 in Stealth
 49758 | Snake:3  | Noticed Mlioglotl
 49759 | Snake:3  | Identified Roxanne's Collected Works on the Rocks
 49759 | Snake:3  | Noticed Roxanne
 49793 | Snake:3  | Killed Roxanne
 50429 | Snake:3  | Found Lujyipru's Book Emporium.
 50430 | Snake:3  | Found Jecem's Jewellery Boutique.
 50431 | Snake:3  | Found Xiucytef's Book Emporium.
 50441 | Snake:3  | Bought the Disquisition on Curses and the Entourage for 420
                  | gold pieces
 50447 | Snake:3  | Learned a level 5 spell: Summon Mana Viper
 50946 | Snake:3  | Noticed Saint Roka
 51072 | Snake:3  | Killed Saint Roka
 51136 | Snake:3  | Gained mutation: You are occasionally teleported next to
                  | monsters. [hidden defects]
 51136 | Snake:3  | Lost mutation: You have hidden genetic defects. [hidden
                  | defects expressed]
 51439 | Snake:3  | Identified the +2 helmet of the Trombone {rN+ Dex+2}
 51446 | Snake:3  | Reached skill level 1 in Summonings
 51458 | Snake:3  | Reached XP level 18. HP: 107/107 MP: 38/38
 51543 | Snake:3  | Reached skill level 10 in Spellcasting
 51596 | Snake:3  | Lost mutation: You are occasionally teleported next to
                  | monsters. [potion of mutation]
 51596 | Snake:3  | Lost mutation: You are clumsy. (Dex -2) [potion of
                  | mutation]
 51596 | Snake:3  | Gained mutation: You are strong-willed. (Will+) [potion of
                  | mutation]
 51596 | Snake:3  | Gained mutation: You have sharp toenails. [potion of
                  | mutation]
 51890 | Snake:3  | Noticed Vashnia
 51894 | Snake:3  | Killed Vashnia
 53399 | Snake:3  | Killed Mlioglotl
 53417 | Snake:3  | Learned a level 4 spell: Dispel Undead
 53433 | Snake:4  | Entered Level 4 of the Snake Pit
 53753 | Snake:4  | Reached skill level 5 in Earth Magic
 54106 | Snake:4  | Identified the +4 ring mail of Fortification {Harm +Blink
                  | Regen+ Dex+3}
 55500 | Snake:3  | Bought the ring "Pyuschesk" {rF++ Dex+6} for 1577 gold
                  | pieces
 56054 | Snake:4  | Identified Kime's First Steps in Sorcery
 56077 | Snake:4  | Reached skill level 1 in Conjurations
 58576 | Snake:4  | Reached skill level 10 in Evocations
 59515 | Snake:4  | Got a serpentine rune of Zot
 59769 | Shoals:1 | Entered Level 1 of the Shoals
 59808 | Shoals:1 | Reached skill level 23 in Stealth
 60446 | Shoals:1 | Noticed Ismar's ghost (adept TeWz)
 60496 | Shoals:1 | Found a runed translucent door.
 61052 | Shoals:1 | Noticed Aizul
 61081 | Shoals:1 | Killed Aizul
 61593 | Shoals:2 | Found Hakk's Weapon Boutique.
 61627 | Shoals:2 | Found a frozen archway.
 61631 | Shoals:2 | Noticed Ilsuiw
 61654 | Shoals:2 | Reached XP level 19. HP: 112/112 MP: 35/40
 61665 | Shoals:2 | Killed Ilsuiw
 61678 | IceCv    | Entered an ice cave
 64458 | IceCv    | Found the +2 Maxwell's thermic engine {flame, freeze}
 64608 | Shoals:2 | Reached skill level 1 in Armour
 64632 | Shoals:2 | Reached skill level 5 in Summonings
 64885 | Shoals:2 | Reached ****** piety under Ashenzari
 65210 | Shoals:2 | Upgraded the game from 0.28-a0-578-g717728bcc0 to
                  | 0.28-a0-586-gbdb9d174a4
 66191 | Shoals:3 | Identified the +1 helmet "Ketzuhuys" {rElec rF++ Str-3
                  | Stlth+}
 66214 | Shoals:3 | Found a runed translucent door.
 66217 | Shoals:3 | Found a gateway to a bazaar.
 66237 | Bazaar   | Entered a bazaar
 66237 | Bazaar   | Found Kekked's Armour Shop.
 66237 | Bazaar   | Found Tyudghiga's Magic Scroll Boutique.
 66237 | Bazaar   | Found Keunwina's General Store.
 66237 | Bazaar   | Found Coodul's Antique Armour Boutique.
 66237 | Bazaar   | Found Kemydaunabe's General Store.
 66255 | Bazaar   | Bought a potion of haste for 170 gold pieces
 66255 | Bazaar   | Bought a scroll of enchant armour for 127 gold pieces
 66259 | Bazaar   | Bought a scroll of enchant weapon for 75 gold pieces
 66259 | Bazaar   | Bought a scroll of teleportation for 30 gold pieces
 66259 | Bazaar   | Bought a scroll of magic mapping for 35 gold pieces
 66259 | Bazaar   | Bought a scroll of fog for 20 gold pieces
 66259 | Bazaar   | Bought a scroll of enchant armour for 75 gold pieces
 66259 | Bazaar   | Bought a scroll of vulnerability for 75 gold pieces
 66259 | Bazaar   | Bought a scroll of fog for 20 gold pieces
 66259 | Bazaar   | Bought a scroll of magic mapping for 35 gold pieces
 66259 | Bazaar   | Bought a scroll of immolation for 35 gold pieces
 66265 | Bazaar   | Bought a +0 cloak of willpower for 172 gold pieces
 66514 | Shoals:3 | Noticed Liado's ghost (journeyman DsIE)
 66528 | Shoals:3 | Acquired the ring "Ruutsuf" {Str+7 Int+6 Slay+4 SInv
                  | Stlth-}
 66538 | Shoals:3 | Identified the +0 buckler "Wytwuw Yjul" {+Inv rC+}
 66861 | Shoals:3 | Killed Liado's ghost
 66899 | Shoals:4 | Entered Level 4 of the Shoals
 67438 | Shoals:4 | Found the +8 whip "Snakebite" {venom, curare, rPois}
 68151 | Shoals:4 | Got a barnacled rune of Zot
 68992 | Vaults:1 | Entered Level 1 of the Vaults
 69028 | Vaults:1 | Found a flickering gateway to a bazaar.
 69041 | Bazaar   | Entered a bazaar
 69066 | Bazaar   | Found Tempys's Antique Armour Shoppe.
 69081 | Bazaar   | Found Xiggeg's Distillery.
 69096 | Bazaar   | Found Yplueger's General Store.
 69096 | Bazaar   | Found Atui's Assorted Antiques.
 69147 | Bazaar   | Bought a potion of curing for 33 gold pieces
 69147 | Bazaar   | Bought a potion of magic for 88 gold pieces
 69147 | Bazaar   | Bought a potion of curing for 33 gold pieces
 69147 | Bazaar   | Bought a potion of cancellation for 88 gold pieces
 69147 | Bazaar   | Bought a potion of might for 44 gold pieces
 69147 | Bazaar   | Bought a potion of brilliance for 44 gold pieces
 69147 | Bazaar   | Bought a potion of resistance for 110 gold pieces
 69147 | Bazaar   | Bought a potion of brilliance for 44 gold pieces
 69147 | Bazaar   | Bought a potion of flight for 33 gold pieces
 69147 | Bazaar   | Bought a potion of berserk rage for 55 gold pieces
 69161 | Bazaar   | Bought a scroll of teleportation for 45 gold pieces
 69161 | Bazaar   | Bought a scroll of fear for 52 gold pieces
 69715 | Vaults:1 | Upgraded the game from 0.28-a0-586-gbdb9d174a4 to
                  | 0.28-a0-592-g6fc52098c6
 70020 | Vaults:1 | Upgraded the game from 0.28-a0-592-g6fc52098c6 to
                  | 0.28-a0-604-g249bb1af34
 70152 | Vaults:1 | Reached XP level 20. HP: 123/123 MP: 41/41
 70805 | Vaults:1 | Noticed Donald
 70809 | Vaults:1 | Killed Donald
 71272 | Vaults:2 | Found Gergh's General Store.
 71314 | Vaults:2 | Slain by a vault warden

Illustrated notes

Levels and vault maps discovered:
D:1:      dpeg_arrival_short_road, layout_loops_corners
D:2:      layout_basic, basic_altar
D:3:      layout_basic, serial_shops, nicolae_shop_overgrown_old_shop
D:4:      layout_cave_pools, temple_doors_e, uniq_menkaure
D:5:      cheibrodos_fzero, layout_gridville, minivault_25, st_stairs_7,
          nicolae_shop_firing_range
D:6:      layout_gridville, corexii_corridor_pit, uniq_maggie
D:7:      minmay_chambers_of_fours, layout_rooms, st_stairs_14, uniq_pikel
D:8:      minmay_bloctagon, layout_basic, beargit_hepliaklqana_dungeon_heroes,
          lair_entry_dummy
D:9:      layout_loops_ring, grunt_ministairs_10, amcnicky_mini_pool_small,
          minmay_misc_feat_enclosed
D:10:     layout_basic, special_room [special_room_orc], uniq_josephine
D:11:     layout_loops_cross, serial_shops, shop, shop_fountains, shop, shop
D:12:     layout_loops_ring, david_orc_2, gammafunk_ghost_smash
D:13:     layout_roguey, serial_rivers, chequers_serial_rivers_micro_a,
          chequers_serial_rivers_room_a, chequers_serial_rivers_room_a,
          chequers_serial_rivers_micro_a, chequers_serial_rivers_micro_d,
          chequers_serial_rivers_micro_b, roderic_lattice_a, uniq_sonja
D:14:     layout_roguey, grunt_vaults_entry_fortified, kennysheep_path_1
D:15:     gammafunk_enter_depths_forms, layout_loops_ring, serial_park_square1
          [serial_park_minivault_5x5_8], serial_co_window_serial,
          co_window_corner_a, co_window_paths_a, co_window_paths_a,
          co_window_paths_b, co_window_corner_a, co_window_of_opportunity_b,
          co_window_corner_cb, co_window_corner_cb, co_window_of_opportunity_b,
          co_window_broadway_b, co_window_corner_b, glass_columns_b,
          glass_columns_a, glass_columns_c, glass_columns_a, glass_columns_b,
          uniq_azrael, uniq_jorgrun, uniq_rupert
Temple:   roderic_octagonal_lattice_temple
Lair:1:   wad_woods_04, layout_small_grid
Lair:2:   layout_cave_pods, minmay_stone_trees_small
Lair:3:   regret_index_bee_streams, layout_regular_city,
          elwin_shoals_entry_rooms, pond, uniq_gastronok
Lair:4:   layout_layer_cave, minmay_snake_entry_guardpost_small,
          grunt_megastairs_4, uniq_nessos, uniq_kirke
Lair:5:   layout_misc_corridors, gauntlet_entry_generic, minivault_24
Lair:6:   wormcave, layout_gridlike, hangedman_lair_tendril_chambers,
          dpeg_slime_entry_enclosed_altar, serial_bayou_shore_a
Shoals:1: layout_shoals, ebering_ghost_inner_flame,
          nicolae_shoals_cliffside_cave, nicolae_shoals_wave_tunnel, uniq_aizul
Shoals:2: layout_shoals, portal_ice_cave_entry_ice_statue_two, serial_shops,
          shop_statue, uniq_ilsuiw
Shoals:3: layout_shoals, serial_shops, bzr_entry_road,
          ebering_ghost_reflecting_pool, nicolae_shoals_lost_giant_hut
Shoals:4: shoals_end_hellmonk_lost_city
Snake:1:  layout_misc_corridors, serial_shops, shop
Snake:2:  layout_onion, serial_shops, shop, nicolae_shop_stone,
          beargit_elvish_explorers
Snake:3:  kennysheep_snake, layout_basic, serial_bayou_ford_a,
          minmay_shop_grove, uniq_vashnia, uniq_roxanne, uniq_mlioglotl,
          uniq_saint_roka
Snake:4:  snake_pit, layout_layer_cave, lemuel_fruit_tree, grunt_megastairs_2
Orc:1:    layout_caves
Orc:2:    st_orc_mages, layout_diamond_mine
Vaults:1: v_misc_1, v_misc_30, hangedman_vaults_variations, st_diamondy,
          nicolae_vaults_diagonal_hallway_8, nicolae_vaults_sealed_display,
          nicolae_vaults_little_squares_4, v_alt_pattern_5,
          nicolae_vaults_network_star, nicolae_vaults_little_squares_6,
          layout_vaults_maze, serial_shops, bzr_entry_safe, uniq_donald
Vaults:2: v_misc_13, nicolae_vaults_network_barrier, hangedman_vaults_stream,
          nicolae_vaults_halls_meeting, v_alt_pattern_3, vaults_dpeg_ring,
          grunt_vaults_hallway_short, vaults_dpeg_diagonal,
          layout_vaults_quadrants, serial_shops, shop, uniq_asterion

Skill      XL: |  1  2  3  4  5  6  7  8  9 10 11 12 13 14 15 16 17 18 19 20 |
---------------+-------------------------------------------------------------+-----
Stealth        | 5 6 7 8 11 12 14 15 17 18 21 22 23 | 23.3
Short Blades   | 2 3 4 5 7 8 10 | 10.0
Spellcasting   | 3 4 5 9 10 | 10.5
Hexes          | 5 8 10 12 15 16 | 16.0
Dodging        | 3 8 10 11 13 14 15 16 19 20 | 20.4
Fighting       | 1 3 4 5 6 7 8 10 11 12 13 14 | 14.3
Shields        | 1 2 4 5 6 |  6.7
Evocations     | 5 8 10 | 10.0
Translocations | 6 |  6.0
Transmutations | 2 |  2.1
Earth Magic    | 3 6 |  6.0
Necromancy     | 3 |  3.6
Summonings     | 1 4 5 |  5.9
Conjurations   | 2 3 |  3.3
Armour         | 1 |  1.9

Action                   |  1- 3 |  4- 6 |  7- 9 | 10-12 | 13-15 | 16-18 | 19-21 || total
-------------------------+-------+-------+-------+-------+-------+-------+-------++-------
Melee: Dagger            |   132 |   162 |   382 |   823 |   376 |  2305 |   893 ||  5073
       Kick              |       |       |       |       |       |   237 |   313 ||   550
Throw: Dart              |       |       |       |       |     1 |     8 |       ||     9
       Boomerang         |       |       |       |       |       |     2 |    27 ||    29
 Cast: Ensorcelled Hiber |     9 |    64 |    78 |   215 |   165 |   479 |   128 ||  1138
       Tukima's Dance    |       |     2 |    29 |    40 |     6 |   286 |    15 ||   378
       Confusing Touch   |       |     1 |    20 |    31 |    13 |    69 |    50 ||   184
       Invisibility      |       |       |       |       |     2 |    25 |     9 ||    36
       Portal Projectile |       |       |       |       |       |     1 |       ||     1
       Borgnjor's Vile C |       |       |       |       |       |    32 |    24 ||    56
       Summon Mana Viper |       |       |       |       |       |     8 |    21 ||    29
       Passwall          |       |       |       |       |       |     1 |     3 ||     4
       Dazzling Flash    |       |       |       |       |       |     1 |       ||     1
Invok: Curse Item        |       |       |     1 |     2 |     1 |     3 |     2 ||     9
       Shatter the Chain |       |       |       |       |       |       |     2 ||     2
Evoke: Wand              |       |       |       |     4 |       |    18 |     1 ||    23
       Box of beasts     |       |       |       |       |       |     1 |       ||     1
  Use: Scroll            |       |     1 |     1 |     6 |     2 |     7 |     2 ||    19
       Potion            |       |       |       |     2 |     2 |     6 |     2 ||    12
 Stab: Sleeping          |    24 |    46 |    52 |   118 |   102 |   297 |   119 ||   758
       Distracted        |     1 |       |     1 |     5 |     3 |    15 |     2 ||    27
       Confused          |       |     1 |    21 |    33 |    16 |    68 |    42 ||   181
       Invisible         |       |       |       |       |     5 |   119 |    43 ||   167
Armor: Robe              |    12 |     9 |    19 |       |       |       |       ||    40
       Acid dragon scale |       |       |    20 |    80 |    49 |   207 |    47 ||   403
Dodge: Dodged            |    69 |   113 |   306 |   492 |   323 |  1438 |   496 ||  3237
Block: Buckler           |       |       |    42 |   160 |   150 |   673 |   342 ||  1367
       Reflection        |       |       |       |       |     3 |    67 |    28 ||    98

Table legend: (Time is in decaauts)
 A = Elapsed time spent in this place.
 B = Non-inter-level travel time spent in this place.
 C = Inter-level travel time spent in this place.
 D = Time resting spent in this place.
 E = Time spent auto-exploring this place.
 F = Levels seen in this place.
 G = Mean time per level.
                   A        B        C        D        E       F      G
               +--------+--------+--------+--------+--------+-----+--------+
         Total |  56784 |  53355 |   3429 |   2617 |  38635 |  38 | 1494.3 |
       Dungeon |  22996 |  21249 |   1747 |    650 |  16414 |  15 | 1533.1 |
        Temple |    171 |    158 |     13 |      0 |    145 |   1 |  171.0 |
          Lair |  11310 |  10481 |    829 |    923 |   7445 |   6 | 1885.0 |
        Shoals |   4791 |   4628 |    163 |     93 |   3113 |   4 | 1197.8 |
     Snake Pit |  10516 |   9973 |    543 |    160 |   7394 |   4 | 2629.0 |
  Orcish Mines |   2407 |   2346 |     61 |      5 |   1782 |   2 | 1203.5 |
        Vaults |   1472 |   1402 |     70 |     41 |    830 |   2 |  736.0 |
        Bazaar |    175 |    175 |      0 |      0 |     57 |   2 |   87.5 |
      Ice Cave |   2390 |   2390 |      0 |    726 |   1106 |   1 | 2390.0 |
      Gauntlet |    553 |    553 |      0 |     16 |    346 |   1 |  553.0 |
               +--------+--------+--------+--------+--------+-----+--------+

Top non-repeatable levels by time:
 Snake:4: 4009 daAuts
 Snake:3: 3311 daAuts
  Lair:4: 2426 daAuts
   IceCv: 2390 daAuts
  Lair:6: 2278 daAuts
  Lair:2: 2267 daAuts
  Lair:3: 2242 daAuts
     D:8: 2072 daAuts
     D:4: 2034 daAuts
    D:10: 2027 daAuts
    D:14: 1843 daAuts
    D:15: 1806 daAuts
     D:1: 1729 daAuts
     D:6: 1713 daAuts
     D:3: 1702 daAuts
